 Dungeon Crawl Stone Soup version 0.32-a0-630-g46d191b0ed (webtiles) character file.

Game seed: 2447750906748458783

1386 retardedninja the Trooper (level 8, -2/65 HPs)
             Began as a Coglin Fighter on Mar 6, 2024.
             Slain by Pikel
             ... wielding a +0 whip of flaming
              (8 damage)
             ... on level 6 of the Dungeon.
             The game lasted 00:09:18 (6564 turns).

retardedninja the Trooper (Coglin Fighter)          Turns: 6564, Time: 00:09:19

Health: -2/65      AC:  9    Str: 19    XL:     8   Next: 67%
Magic:  8/8        EV:  9    Int:  7    God:
Gold:   243        SH:  0    Dex: 14    Spells: 7/7 levels left

rFire   . . .        u - +0 broad axe {Ernst}
rCold   . . .        a - +0 war axe {Dagmar}
rNeg    . . .        f - +0 chain mail
rPois   .            (no helmet)
rElec   .            (no cloak)
rCorr   .            (no gloves)
SInv    .            (no boots)
Will    .....        (amulet unavailable) Stlth
                     (ring unavailable)
HPRegen 0.30/turn    (ring unavailable)
MPRegen 0.11/turn    (no gizmo)

%: no passive effects
@: revving
A: off-hand wielding, slow wielding, warmup strikes, no jewellery
a: Invent Gizmo


You were on level 6 of the Dungeon.
You visited 2 branches of the dungeon, and saw 9 of its levels.
You also visited: Sewer.

You collected 299 gold pieces.
You spent 56 gold pieces at shops.

Inventory:

Hand Weapons
 a - a +0 war axe (offhand) {Dagmar}
 u - a +0 broad axe (weapon) {Ernst}
Armour
 c - a +0 buckler
 f - a +0 chain mail (worn)
 h - the +0 hat of Cewocw {rPois rC+ Str+2}
   (You found it on level 6 of the Dungeon)

   Str+2:     It affects your strength (+2).
   rC+:       It protects you from cold.
   rPois:     It protects you from poison.
Scrolls
 e - 6 scrolls of teleportation
 g - a scroll of enchant armour {unknown}
 j - 2 scrolls of immolation
 m - 3 scrolls of blinking
 n - a scroll of fog {unknown}
 t - a scroll of poison {unknown}
Potions
 b - a potion of enlightenment {unknown}
 d - a potion of invisibility {unknown}
 i - a potion of heal wounds {unknown}
 k - a potion of degeneration {unknown}
 l - a potion of curing {unknown}
 o - 2 potions of resistance {unknown}
 q - a potion of magic {unknown}
 r - a potion of ambrosia {unknown}
 s - a potion of attraction {unknown}


   Skills:
 * Level 6.8 Fighting
 * Level 6.3 Axes
 + Level 4.6 Armour
 + Level 3.4 Dodging
 - Level 2.1 Shields


You had 7 spell levels left.
You didn't know any spells.
Your spell library contained the following spells:

 Spells                   Type           Power      Damage    Failure   Level
 Freeze                   Ice            0%         1d3       98%         1
 Kiss of Death            Conj/Necr      0%         2d5       98%         1
 Sandblast                Erth           0%         2d4       98%         1
 Cigotuvi's Dreadful Rot  Necr/Alch/Air  0%         N/A       99%         2
 Lesser Beckoning         Tloc           0%         N/A       99%         2
 Momentum Strike          Conj/Tloc      0%         3d8       99%         2
 Sublimation of Blood     Necr           0%         N/A       99%         2
 Confusing Touch          Hex            0%         N/A       100%        3
 Frozen Ramparts          Ice            0%         1d1       100%        3
 Hailstorm                Conj/Ice       0%         3d5       100%        3
 Dispel Undead            Necr           0%         3d6       100%        4
 Ignite Poison            Fire/Alch      0%         N/A       100%        4
 Petrify                  Alch/Erth      0%         N/A       100%        4
 Freezing Cloud           Conj/Ice/Air   0%         6-21      100%        5
 Irradiate                Conj/Alch      0%         3d11      100%        5


Dungeon Overview and Level Annotations

Branches:
Dungeon (8/15)             Temple (1/1) D:5           Sewer (visited)
   Lair: D:8-11

Altars:
Ashenzari
Cheibriados
Dithmenos
Elyvilon
Fedhas
Kikubaaqudgha
Makhleb
Nemelex Xobeh
Okawaru
Qazlal
Sif Muna
Trog
Uskayaw
Vehumet
Wu Jian
Yredelemnul
Zin
The Shining One

Shops:
D:2 [   D:4 (*[

Annotations:
D:6 Pikel
Temple 4 transporters


Innate Abilities, Weirdness & Mutations

You can wield a second weapon in your off-hand.
It takes a long time for you to wield or remove held weapons.
Your first few attacks do less damage.
You cannot equip rings or amulets.


Message History

You barely miss the lemure with your +0 broad axe. x2
You closely miss the lemure with your +0 broad axe.
You hit Pikel with your +0 war axe.
You hit the lemure with your +0 war axe. x2
You closely miss the lemure with your +0 war axe.
The lemure hits you but does no damage. The lemure closely misses you.
Pikel hits you with a +0 whip of flaming.
* * * LOW HITPOINT WARNING * * *
Pikel burns you.
* * * LOW HITPOINT WARNING * * *
The lemure barely misses you.
Pikel hits you with a +0 whip of flaming.
* * * LOW HITPOINT WARNING * * *
Pikel burns you.
* * * LOW HITPOINT WARNING * * *
The lemure closely misses you. The lemure hits you.
* * * LOW HITPOINT WARNING * * *
The lemure hits you.
* * * LOW HITPOINT WARNING * * *
Read: scroll of fear
Press: ? - help, Q - select action, (/) - cycle Dir - look around, f - activate Look: a lemure (heavily wounded, chance to affect: 97%)
As you read the scroll of fear, it crumbles to dust.
You assume a fearsome visage.
Pikel looks frightened!
The lemure looks frightened! x3
Pikel susurrates, "Of all the rotten luck!"
Pikel seems to regain his courage.
Pikel hits you but does no damage.
You slash Pikel with your +0 war axe!
Pikel is moderately wounded.
You closely miss Pikel with your +0 broad axe.
Pikel hits you with a +0 whip of flaming.
* * * LOW HITPOINT WARNING * * *
Pikel burns you.
* * * LOW HITPOINT WARNING * * *
You hit Pikel with your +0 war axe.
Pikel is moderately wounded.
You barely miss Pikel with your +0 broad axe.
Pikel hits you with a +0 whip of flaming!
You die...
Pikel says, "Another soul for the market."

#.................#
#######
#..>........?.....#
......
#............[5..5#
.####.
#.................#
#....
...................#
##...
...................<#
.....
........#######.......#
####.. ........#
#..........# ##.
........# #...@###....
#...K# ..#. #..... ...
#....## ## #....#
#....# #....# ##.#.^


You could see Pikel and 2 lemures.

Vanquished Creatures
  Eustachio (D:6)
  Pargi (Sewer)
  A black bear (D:5)
  2 ogres
  A lemure (D:6)
  2 brain worms (Sewer)
  Blork the orc (D:4)
  A scorpion (D:5)
  A howler monkey (D:4)
  A jelly (D:7)
  An orc priest (D:3)
  3 hounds
  A gnoll bouda (D:4)
  An iguana (D:4)
  A sleepcap (D:5)
  Terence (D:3)
  2 orc wizards (D:3)
  8 gnolls
  7 adders
  2 shadow imps
  2 white imps
  A dart slug (D:5)
  6 ribbon worms
  11 orcs
  11 endoplasms
  A giant cockroach (D:1)
  8 goblins
  7 hobgoblins
  6 jackals
  2 quokkas
  10 ball pythons
  4 bats
  4 frilled lizards
  6 kobolds
  7 rats
125 creatures vanquished.

Notes
Turn   | Place    | Note
-------+----------+-------------------------------------------
     0 | D:1      | retardedninja the Coglin Fighter began the quest for the
                  | Orb.
     0 | D:1      | Reached XP level 1. HP: 18/18 MP: 1/1
   256 | D:1      | Reached XP level 2. HP: 24/24 MP: 2/2
   776 | D:2      | Got Sif Muna's Spellbook of Underground Dislocation
   818 | D:2      | Reached XP level 3. HP: 16/29 MP: 3/3
  1257 | D:2      | Found Dieka's Antique Armour Emporium.
  1466 | D:2      | Reached XP level 4. HP: 13/37 MP: 4/4
  1756 | D:3      | Reached skill level 1 in Dodging
  1875 | D:3      | Reached XP level 5. HP: 18/42 MP: 5/5
  2165 | D:3      | Found a faded altar of an unknown god.
  2940 | D:3      | Noticed Terence
  2949 | D:3      | Killed Terence
  2950 | D:3      | Reached XP level 6. HP: 29/49 MP: 6/6
  3141 | D:4      | Found a glowing drain.
  3141 | D:4      | Noticed Blork the orc
  3160 | D:4      | Killed Blork the orc
  3174 | Sewer    | Entered a sewer
  3276 | Sewer    | Noticed Pargi
  3286 | Sewer    | Killed Pargi
  3287 | Sewer    | Reached skill level 5 in Fighting
  3287 | Sewer    | Reached XP level 7. HP: 40/56 MP: 7/7
  3535 | D:4      | Found Furphyek's Armour Boutique.
  3617 | D:4      | Found Folagetwepp's Assorted Antiques.
  3945 | D:4      | Reached skill level 5 in Axes
  4147 | D:4      | Found a sparkling altar of Nemelex Xobeh.
  4358 | D:4      | Found Isazucs's Weapon Emporium.
  4361 | D:4      | Bought a +0 broad axe for 56 gold pieces
  4454 | D:5      | Entered Level 5 of the Dungeon
  4934 | D:5      | Reached XP level 8. HP: 44/64 MP: 8/8
  5978 | D:5      | Found a staircase to the Ecumenical Temple.
  6005 | Temple   | Found a transporter.
  6005 | Temple   | Found a transporter.
  6005 | Temple   | Found a transporter.
  6005 | Temple   | Found a transporter.
  6005 | Temple   | Entered the Ecumenical Temple
  6346 | D:6      | Identified the +0 hat of Cewocw {rPois rC+ Str+2}
  6349 | D:6      | Noticed Eustachio
  6363 | D:6      | Killed Eustachio
  6455 | D:6      | You fall into a shaft and drop 2 floors!
  6546 | D:6      | Noticed Pikel
  6564 | D:6      | Slain by Pikel

Illustrated notes

Levels and vault maps discovered:
D:1:      mushboom_english_gardens, layout_loops_ring
D:2:      layout_loops_ring, serial_shops, shop
D:3:      layout_basic, ebering_ecumenical_altar_ruins, corexii_shack,
          uniq_terence
D:4:      layout_loops_cross, nemelex_dance_club_becter, serial_shops,
          nicolae_shop_tiny_real_fake_doors, nicolae_shop_real_fake_doors,
          nicolae_shop_advertising_works [nicolae_subvault_shop_adworks],
          cheibrodos_sewer_entry_sluice, nicolae_underground_beach,
          uniq_blork_the_orc
D:5:      layout_basic, minmay_temple_entry_overgrown,
          kennysheep_generic_room_15
D:6:      layout_basic, lemuel_tele_altar, mainiacjoe_overflow_brackets,
          nicolae_ossuary_entry_ruins, uniq_maggie, uniq_eustachio, uniq_pikel
D:7:      layout_cave_pods, serial_shops,
          nicolae_shop_temple_entry_statues_fountains,
          kennysheep_generic_room_12
D:8:      layout_loops_ring, grunt_ministairs_12,
          hellmonk_guarded_unrand_dark_maul
Temple:   hellmonk_temple_divided_pantheon

Skill      XL: |  1  2  3  4  5  6  7  8 |
---------------+-------------------------+-----
Armour         | 3 4 |  4.6
Dodging        | 1 2 3 |  3.4
Axes           | 3 4 5 6 |  6.3
Fighting       | 4 5 6 |  6.8
Shields        | |  2.1

Action                     |  1- 3 |  4- 6 |  7- 9 || total
---------------------------+-------+-------+-------++-------
  Melee: War axe           |    92 |   145 |   129 ||   366
         Broad axe         |       |       |    58 ||    58
    Use: Potion            |       |     1 |     2 ||     3
         Scroll            |       |       |     6 ||     6
 Armour: Scale mail        |    11 |       |       ||    11
         Chain mail        |    83 |   146 |   147 ||   376
  Dodge: Dodged            |    36 |    73 |    74 ||   183
  Block: Buckler           |    19 |    42 |    22 ||    83

Table legend: (Time is in decaauts)
 A = Elapsed time spent in this place.
 B = Non-inter-level travel time spent in this place.
 C = Inter-level travel time spent in this place.
 D = Time resting spent in this place.
 E = Time spent auto-exploring this place.
 F = Levels seen in this place.
 G = Mean time per level.
                   A        B        C        D        E       F      G
               +--------+--------+--------+--------+--------+-----+--------+
         Total |   6690 |   6553 |    137 |   1441 |   4029 |  10 |  669.0 |
       Dungeon |   6285 |   6157 |    128 |   1400 |   3785 |   8 |  785.6 |
        Temple |     21 |     12 |      9 |      0 |      0 |   1 |   21.0 |
         Sewer |    383 |    383 |      0 |     41 |    244 |   1 |  383.0 |
               +--------+--------+--------+--------+--------+-----+--------+

Top non-repeatable levels by time:
     D:4: 2201 daAuts
     D:3: 1428 daAuts
     D:2: 1079 daAuts
     D:5: 687 daAuts
     D:1: 663 daAuts
   Sewer: 383 daAuts
     D:6: 142 daAuts
     D:7: 67 daAuts
  Temple: 21 daAuts
     D:8: 13 daAuts
